Map: Torches LE

Players

Moja

  • Race: Terran Terran
  • League: Grandmaster
  • Spawn Location: 1:00

GgMaChine - Winner!

  • Race: Zerg Zerg
  • League: Grandmaster
  • Spawn Location: 5:00

VOD

Have the link to the VOD?

Description

Time

  • Played on: Aug. 26, 2025, 7:50 a.m.
  • Length: 10:11
Show
View Real Time Build Order
Export as new Build Order

Moja Terran 

Build Orders: Reaper Expand 

Get SALT Encoding   

  12  0:00  SCV  
  13  0:12  SCV  
  14  0:17  Supply Depot  
  14  0:24  SCV  
  15  0:38  SCV  
  15  0:40  Barracks  
  16  0:43  Refinery  
  16  0:50  SCV  
  17  1:03  SCV  
  18  1:15  SCV  
  19  1:27  Reaper, Orbital Command  
  20  1:39  Command Center  
  20  1:46  Supply Depot  
  20  1:52  SCV  
  21  1:59  Marine  
  22  2:05  SCV  
  23  2:10  Factory  
  23  2:17  SCV  
  23  2:20  Barracks Reactor  
  24  2:29  SCV  
  25  2:37  Command Center  
  25  2:41  SCV  
  26  2:51  Orbital Command  
  26  2:53  SCV  
  27  2:58  Starport  
  27  3:01  Refinery  
  27  3:05  SCV  
  28  3:13  Hellion x2  
  28  3:16  SCV  
  28  3:17  SCV  
  34  3:20  Barracks Tech Lab  
  34  3:28  SCV  
  34  3:29  SCV  
  36  3:35  Hellion x2  
  36  3:41  SCV x2  
  41  3:44  Banshee  
  45  3:50  Orbital Command  
  45  3:53  SCV  
  45  3:55  SCV  
  47  4:04  Supply Depot  
  47  4:05  SCV  
  47  4:07  SCV  
  47  4:09  Factory Reactor, Barracks  
  49  4:11  Barracks  
  49  4:12  Barracks Tech Lab  
  49  4:17  SCV x2  
  49  4:19  SCV  
  52  4:27  Banshee  
  52  4:29  SCV x2  
  52  4:30  Stimpack  
  57  4:31  SCV  
  57  4:35  Refinery  
  57  4:36  Refinery  
  57  4:37  Supply Depot  
  58  4:41  SCV x2  
  58  4:43  SCV  
  61  4:50  Engineering Bay  
  61  4:52  Engineering Bay  
  61  4:53  SCV x2  
  61  4:58  SCV  
  64  5:05  SCV  
  65  5:07  SCV  
  65  5:13  SCV  
  63  5:17  SCV  
  63  5:20  SCV  
  60  5:21  Terran Infantry Weapons Level 1, Terran Infantry Armor Level 1  
  60  5:22  Marine x2  
  60  5:24  Marine  
  63  5:31  Barracks  
  63  5:32  Siege Tank, Barracks  
  63  5:33  SCV x2  
  63  5:35  SCV  
  69  5:38  Starport Reactor  
  69  5:42  Marine  
  70  5:43  Marine x2  
  70  5:47  SCV, Supply Depot  
  73  5:53  Orbital Command, Barracks x2  
  73  5:54  Barracks  
  73  5:55  Marine x2  
  73  5:56  SCV  
  76  5:59  SCV  
  77  6:08  Marine, SCV, Siege Tank  
  77  6:09  Supply Depot  
  82  6:13  SCV, Combat Shield, Marine x2  
  85  6:21  Barracks Reactor, SCV x2, Medivac x2  
  85  6:23  Barracks Reactor  
  91  6:30  Refinery  
  91  6:34  Marine  
  91  6:35  Marine x3  
  91  6:37  Armory  
  95  6:41  Siege Tank  
  95  6:42  Marine  
  95  6:43  Marine x2  
  101  6:47  Supply Depot  
  101  6:48  Supply Depot x2  
  101  6:49  Supply Depot  
  101  7:02  Marine  
  101  7:03  Marine  
  101  7:04  Marine x2, Orbital Command  
  101  7:05  Marine x3  
  101  7:06  Marine x2  
  101  7:08  Marine x2, Medivac x2  
  100  7:09  Marine  
  100  7:13  Siege Tank  
  93  7:20  Marine  
  93  7:21  Marine x2  
  93  7:22  Marine  
  97  7:23  Marine x3  
  97  7:24  Marine x2  
  97  7:26  Marine x2  
  97  7:27  Marine  
  86  7:38  Marine  
  86  7:39  Marine x3  
  86  7:41  Marine  
  86  7:43  Marine  
  88  7:45  Marine x2  
  88  7:47  Marine  
  88  7:48  SCV x2  
  88  7:50  Marine, Orbital Command  
  93  8:02  SCV  
  93  8:03  SCV  
  95  8:07  Marine x2  
  97  8:15  SCV x3  
  100  8:21  Marine x2  
  102  8:27  SCV  
  102  8:30  Marine x2  
  102  8:31  Marine x3  
  102  8:32  Marine x2  
  110  8:37  Marine x3  
  110  8:39  Marine  
  110  8:40  SCV  
  110  8:41  SCV x2  
  117  8:46  Supply Depot  
  117  8:48  Supply Depot  
  117  8:55  Siege Tank  
  117  8:57  Marine x2  
  117  8:59  Marine  
  120  9:03  Marine x2  
  120  9:04  Marine x3  
  120  9:08  Medivac x2  
  129  9:17  Marine  
  129  9:18  Marine  
  129  9:22  Orbital Command  
  122  9:25  Marine x2  
  122  9:27  Marine x7  
  116  9:34  Marine  
  117  9:39  Marine x2  
  117  9:43  Marine x2  
  117  9:45  Marine x4  
  100  9:47  Marine  
  100  9:49  Marine  
Show
View Real Time Build Order
Export as new Build Order

GgMaChine Zerg - Winner!

Build Orders: Hatch First 

Get SALT Encoding   

  12  0:00  Drone  
  13  0:08  Drone  
  13  0:14  Extractor  
  13  0:15  Drone  
  15  0:36  Hatchery  
  15  0:41  Extractor  
  15  0:42  Drone  
  14  0:46  Overlord  
  15  1:03  Spawning Pool  
  14  1:05  Drone  
  14  1:09  Drone  
  16  1:12  Drone  
  16  1:17  Drone  
  18  1:27  Drone  
  19  1:38  Drone  
  20  1:49  Queen x2  
  20  1:50  Drone  
  20  1:51  Drone  
  27  2:01  Drone, Overlord  
  27  2:15  Hatchery  
  26  2:18  Drone  
  27  2:23  Spore Crawler  
  27  2:27  Drone x2  
  28  2:31  Drone x2  
  28  2:34  Drone  
  32  2:39  Queen  
  34  2:45  Extractor, Overlord  
  34  2:48  Drone  
  34  2:52  Drone  
  34  2:53  Drone  
  36  3:00  Overlord  
  36  3:05  Evolution Chamber, Drone x3  
  39  3:06  Drone  
  39  3:07  Drone  
  39  3:09  Drone  
  39  3:12  Drone  
  42  3:18  Roach Warren  
  41  3:22  Drone  
  41  3:24  Evolution Chamber, Drone  
  42  3:27  Drone  
  42  3:30  Drone  
  42  3:32  Extractor  
  42  3:33  Drone x2  
  45  3:34  Drone  
  45  3:36  Drone  
  47  3:42  Drone x2  
  47  3:45  Extractor x2  
  47  3:46  Drone x3  
  50  3:50  Drone x2  
  50  3:55  Lair  
  52  3:57  Drone  
  52  4:01  Drone x2  
  52  4:02  Drone  
  56  4:07  Drone x2  
  56  4:09  Overlord  
  58  4:13  Overlord  
  58  4:16  Zerg Ground Armor Level 1  
  58  4:23  Spore Crawler  
  58  4:24  Drone  
  58  4:27  Drone  
  58  4:28  Drone x5  
  64  4:31  Zerg Missile Weapons Level 1  
  64  4:34  Drone x2  
  64  4:35  Drone  
  64  4:38  Spore Crawler  
  66  4:40  Drone, Spore Crawler  
  66  4:45  Queen  
  68  4:48  Overlord  
  68  4:52  Overlord  
  68  4:55  Extractor x2  
  59  5:08  Roach x2  
  59  5:10  Drone x10  
  69  5:20  Drone x4  
  70  5:23  Drone x2  
  70  5:26  Drone x2  
  74  5:28  Glial Reconstitution  
  74  5:32  Drone x2  
  76  5:39  Overlord  
  76  5:41  Overseer  
  76  5:46  Roach x3  
  82  5:53  Evolution Chamber  
  82  5:56  Drone  
  82  5:57  Overlord x2  
  82  5:58  Drone x2  
  82  5:59  Roach x3  
  82  6:03  Pneumatized Carapace  
  90  6:06  Overlord x2  
  90  6:14  Overlord  
  90  6:17  Roach x5  
  100  6:22  Roach x3  
  106  6:28  Roach x3  
  112  6:33  Roach x3  
  112  6:37  Roach  
  120  6:40  Overlord x2  
  120  6:41  Ravager x3  
  120  6:42  Ravager x3  
  120  6:43  Roach x2  
  130  6:48  Overlord x2  
  130  6:53  Zerg Missile Weapons Level 2  
  130  6:54  Zerg Ground Armor Level 2  
  130  7:04  Roach  
  130  7:05  Roach x6  
  130  7:09  Roach x3  
  134  7:20  Roach x5  
  134  7:21  Queen  
  146  7:28  Roach x3  
  119  7:38  Roach x5  
  119  7:43  Queen x2, Roach  
  120  7:54  Roach x3  
  120  7:56  Queen  
  126  8:00  Ravager x5, Roach x2  
  126  8:01  Ravager  
  136  8:07  Roach  
  136  8:12  Roach x2  
  142  8:15  Roach  
  142  8:18  Hatchery  
  143  8:21  Roach x2  
  147  8:29  Roach  
  147  8:32  Ravager  
  150  8:34  Overlord  
  150  8:35  Overlord x3  
  150  8:38  Roach  
  150  8:39  Ravager  
  150  8:40  Ravager  
  154  8:58  Roach x10  
  154  9:01  Roach x3  
  180  9:02  Ravager x2  
  180  9:08  Roach x2  
  186  9:16  Overlord x3  
  182  9:31  Roach x2  
  184  9:33  Overlord  
  184  9:36  Roach x3  
  190  9:40  Roach Warren  
  173  9:50  Zergling x12  
  161  9:53  Roach Warren  
Tags
 
Add a new tag
Caveats
  • Supply blocks, unpowered buildings, or Contaminate may cause inaccurate times.
  • Supply counts are checked every 10 seconds.